[Event "December 5 Early 2023"]
[Site "https://www.chess.com"]
[Date "2023.12.05"]
[Round "10"]
[White "Moksh Amit Doshi"]
[Black "Alikhanov, Felix"]
[Result "0-1"]
[Board "55"]
[TimeControl "180+1"]
[WhiteFideId "25064967"]
[BlackFideId "4157427"]
[WhiteElo "2648"]
[BlackElo "2535"]
[WhiteTeam "IND"]
[BlackTeam "RUS"]
[WhiteClock "0:00:09"]
[BlackClock "0:00:05"]

1. d4 Nf6 2. c4 g6 3. Nc3 Bg7 4. e4 d6 5. Be2 O-O 6. Be3 c6 7. Nf3 Ng4 8. Bg5 h6 9. Bh4 g5 10. Bg3 a6 11. Nxg5 Nxf2 12. Bxf2 hxg5 13. Be3 e5 14. O-O b5 15. d5 b4 16. Na4 c5 17. Qd2 g4 18. b3 f5 19. exf5 Bxf5 20. Rf2 Nd7 21. Raf1 Bg6 22. Bxg4 Rxf2 23. Qxf2 Nf8 24. Bf5 Ra7 25. Bxg6 Nxg6 26. Qf5 Qe8 27. Nb6 Rf7 28. Qxf7+ Qxf7 29. Rxf7 Kxf7 30. Na4 e4 31. Kf2 Bd4 32. g3 Ne5 33. h3 a5 34. Nb6 Ke7 35. g4 Ng6 36. Ke2 Ne5 37. Bg5+ Ke8 38. Nc8 Kd7 39. Nb6+ Kc7 40. Na4 Kd7 41. Bc1 Nd3 42. Be3 Ne5 43. Bd2 Nf3 44. g5 Ng1+ 45. Kf1 Nf3 46. Ke2 Ng1+ 47. Kf1 Nf3 48. Bc1 Ke7 49. Kg2 Kf7 50. Nb6 Kg6 51. Nc8 Be5 52. Be3 Nxg5 53. Nb6 Nf3 54. Nd7 Kf5 55. Kf2 Nd4 56. Nf8 Nf3 57. Ne6 Nh4 58. Bg5 Ng6 59. Bd8 Bd4+ 60. Ke2 Ne5 61. Bxa5 Nd3 62. Bc7 Nc1+ 63. Kd1 Nxa2 64. Bxd6 e3 65. Bf4 Nc3+ 66. Kc2 Ke4 67. d6 e2 68. Bd2 Bf6 69. d7 Kf3 70. d8=Q Bxd8 71. Nxd8 Ne4 72. Ne6 Nxd2 73. Kb2 e1=Q 0-1

[Event "December 5 Early 2023"]
[Site "https://www.chess.com"]
[Date "2023.12.05"]
[Round "10"]
[White "Yezhel, Valiantsin"]
[Black "Galchenko, Matvey"]
[Result "0-1"]
[Board "56"]
[TimeControl "180+1"]
[WhiteFideId "13504983"]
[BlackFideId "24175480"]
[WhiteElo "2578"]
[BlackElo "2915"]
[WhiteTeam "FID"]
[BlackTeam "FID"]
[WhiteClock "0:00:00"]
[BlackClock "0:00:05"]

1. d4 Nf6 2. Nf3 c5 3. c3 g6 4. Bf4 Bg7 5. e3 cxd4 6. cxd4 O-O 7. Nc3 d6 8. h3 Nc6 9. Be2 Re8 10. O-O Qa5 11. a3 e5 12. dxe5 dxe5 13. Bh2 Bf5 14. b4 Qb6 15. Rc1 Rad8 16. Qb3 Be6 17. Qb1 a6 18. Nxe5 Nxe5 19. Bxe5 Bf5 20. e4 Nxe4 21. Na4 Qe6 22. Bxg7 Ng3 23. Bc4 Ne2+ 24. Kh1 Bxb1 25. Bxe6 Nxc1 26. Bxf7+ Kxf7 27. Rxc1 Kxg7 28. Rxb1 Re2 29. Nc5 b6 30. Nxa6 Rxf2 31. Nc7 Rdd2 32. Rg1 Ra2 33. Nd5 b5 34. Nc3 Rxa3 35. Nxb5 Rb3 36. Nd4 Rxb4 37. Nf3 Rbb2 38. Nh2 h5 39. Nf3 Kf6 40. Ne1 Rb1 41. Kh2 g5 42. Nf3 Rxg1 43. Kxg1 Ra2 44. Kh2 Kf5 45. Kg3 Ra3 46. Kh2 Kf4 47. Nd4 Ra2 48. Ne6+ Kf5 49. Nd4+ Ke4 50. Nf3 Kf4 51. Nd4 g4 52. hxg4 hxg4 53. Ne6+ Ke5 54. Nc5 Rd2 55. Kg3 Kf5 56. Kh2 Rd5 57. Nb3 Kf4 58. Nc1 g3+ 0-1

[Event "December 5 Early 2023"]
[Site "https://www.chess.com"]
[Date "2023.12.05"]
[Round "10"]
[White "Tifferet, Shakked"]
[Black "Molina, Roberto Junio Brito"]
[Result "1/2-1/2"]
[Board "57"]
[TimeControl "180+1"]
[WhiteFideId "2811529"]
[BlackFideId "2109450"]
[WhiteElo "2563"]
[BlackElo "2792"]
[WhiteTeam "ISR"]
[BlackTeam "BRA"]
[WhiteClock "0:00:03"]
[BlackClock "0:00:07"]

1. d4 c6 2. Nc3 d5 3. Bf4 Qb6 4. Rb1 Bf5 5. e3 e6 6. Nf3 h6 7. Bd3 Bxd3 8. cxd3 Nf6 9. O-O Be7 10. b4 O-O 11. b5 c5 12. Na4 Qa5 13. dxc5 Nbd7 14. d4 Ne4 15. Qb3 g5 16. Bg3 g4 17. Ne5 Nxe5 18. Bxe5 Nd2 19. Qd1 h5 20. Rb2 Nxf1 21. Kxf1 f6 22. Bf4 Kf7 23. e4 Rad8 24. e5 f5 25. Bd2 Qc7 26. Rc2 a6 27. Nc3 Kg6 28. a4 Ra8 29. Qb1 Rfb8 30. Rb2 axb5 31. Nxb5 Qc6 32. Nd6 b6 33. Rxb6 Rxb6 34. Qxb6 Qxa4 35. Nc8 Qa6+ 36. Qxa6 Rxa6 37. Nxe7+ Kf7 38. Nc8 Ra4 39. c6 Ke8 40. c7 Ra1+ 41. Ke2 Kd7 42. Nd6 Kxc7 43. Nf7 Kd7 44. g3 Ra3 45. Nd6 Ra4 46. Nb5 Kc6 47. Nc3 Rxd4 48. Be3 Rb4 49. Kd3 Rb2 50. Ne2 Kd7 51. Nf4 Ke7 52. Nxh5 Kf7 53. Nf4 Rb3+ 54. Ke2 Rb8 55. Nd3 Rh8 56. Bf4 Rxh2 57. Ke3 Rh1 58. Kd4 Ra1 59. Be3 Ra4+ 60. Kc5 Ra2 61. Nf4 Rc2+ 62. Kd6 Ra2 63. Nxe6 Ra6+ 64. Kxd5 Rxe6 65. Bf4 Ra6 66. Be3 Ke7 67. Bd4 Kd7 68. Bc5 Rh6 69. Bd6 Rg6 70. Bc5 Rc6 71. Bd6 Ra6 72. e6+ Ke8 73. Bf4 Ra5+ 74. Kd6 Rb5 75. Bg5 Rb2 76. Be3 Rb5 77. Bg5 Ra5 78. Be3 Rb5 79. Bg5 1/2-1/2

[Event "December 5 Early 2023"]
[Site "https://www.chess.com"]
[Date "2023.12.05"]
[Round "10"]
[White "Wagner, Dennis"]
[Black "Shuvalov, Evgenij"]
[Result "1/2-1/2"]
[Board "58"]
[TimeControl "180+1"]
[WhiteFideId "24650684"]
[BlackFideId "4187237"]
[WhiteElo "2758"]
[BlackElo "2560"]
[WhiteTeam "GER"]
[BlackTeam "FID"]
[WhiteClock "0:00:08"]
[BlackClock "0:00:07"]

1. e4 e6 2. d4 d5 3. Nc3 Bb4 4. e5 c5 5. a3 Bxc3+ 6. bxc3 Ne7 7. h4 Qc7 8. Rb1 Nbc6 9. h5 h6 10. Qg4 Rg8 11. Bd3 c4 12. Bh7 Nxe5 13. dxe5 Qxe5+ 14. Ne2 Rh8 15. Bf4 Qf6 16. Qg3 Rxh7 17. Nd4 Nf5 18. Nxf5 Qxf5 19. Bd6 Qe4+ 20. Kd2 f6 21. Rhe1 Qf5 22. f4 Qxh5 23. a4 Kf7 24. a5 Qg6 25. Qf2 h5 26. Ba3 Qf5 27. g3 Rh6 28. Qc5 Kg8 29. a6 Rg6 30. axb7 Bxb7 31. Rxb7 Rxg3 32. Kc1 Rg2 33. Rb2 Kh7 34. Kb1 Rb8 35. Rc1 Rxb2+ 36. Kxb2 Qxf4 37. Qxa7 Qe4 38. Bc5 h4 39. Bd4 e5 40. Bg1 h3 41. Qd7 f5 42. Qf7 Qg4 43. Bc5 h2 44. Rh1 Rxc2+ 45. Kxc2 Qg2+ 46. Bf2 Qxf2+ 47. Kb1 Qg1+ 48. Kb2 Qxh1 49. Qh5+ Kg8 50. Qe8+ Kh7 51. Qh5+ Kg8 52. Qe8+ Kh7 53. Qh5+ 1/2-1/2

[Event "December 5 Early 2023"]
[Site "https://www.chess.com"]
[Date "2023.12.05"]
[Round "10"]
[White "Starozhilov, Leonid"]
[Black "Jaskolka, Tomasz"]
[Result "1-0"]
[Board "59"]
[TimeControl "180+1"]
[WhiteFideId "14106752"]
[BlackFideId "1170791"]
[WhiteElo "2740"]
[BlackElo "2550"]
[WhiteTeam "UKR"]
[BlackTeam "POL"]
[WhiteClock "0:00:17"]
[BlackClock "0:00:38"]

1. e4 d5 2. Nc3 dxe4 3. Nxe4 Nf6 4. d3 Nxe4 5. dxe4 Qxd1+ 6. Kxd1 Nc6 7. Bd3 e5 8. c3 Bc5 9. Ke2 Be6 10. Nf3 f6 11. Be3 Bxe3 12. Kxe3 O-O-O 13. Rhd1 h5 14. h4 Ne7 15. b3 Bg4 16. Be2 Ng6 17. g3 Nf8 18. Rxd8+ Kxd8 19. Rd1+ Ke7 20. Nd2 Bxe2 21. Kxe2 Ne6 22. Nc4 g5 23. Ne3 Ng7 24. Nd5+ Kf7 25. Nxc7 gxh4 26. gxh4 Rc8 27. Rd7+ Kg6 28. Nd5 Rb8 29. Re7 f5 30. Rxe5 fxe4 31. Nf4+ Kf6 32. Rxe4 Kf5 33. Ke3 Rd8 34. Re7 Kf6 35. Rxb7 Nf5+ 36. Ke2 Re8+ 37. Kf1 Nxh4 38. Nxh5+ Kg5 39. Ng3 Nf3 40. Rxa7 Kg4 41. Rg7+ Kf4 42. Rf7+ Kg4 43. Rg7+ Kh3 44. Ne2 Nd2+ 45. Ke1 Nf3+ 46. Kd1 Rd8+ 47. Nd4 Rd5 48. Kc2 Ra5 49. Rg3+ Kh4 50. Rxf3 Kh5 51. a4 Ra8 52. Kb2 Kg4 53. Rd3 Re8 54. Rd2 Kf4 55. Nc2 Ke5 56. b4 Ra8 57. a5 1-0

[Event "December 5 Early 2023"]
[Site "https://www.chess.com"]
[Date "2023.12.05"]
[Round "10"]
[White "Atakhan, Abtin"]
[Black "Yelisieiev, Yevhenii"]
[Result "1-0"]
[Board "60"]
[TimeControl "180+1"]
[WhiteFideId "22502203"]
[BlackFideId "14139642"]
[WhiteElo "2724"]
[BlackElo "2556"]
[WhiteTeam "IRI"]
[BlackTeam "GER"]
[WhiteClock "0:01:14"]
[BlackClock "0:00:12"]

1. c4 d6 2. Nc3 Nf6 3. g3 e5 4. Bg2 Nbd7 5. d3 Be7 6. e4 O-O 7. Nge2 c6 8. O-O a5 9. h3 Nc5 10. Be3 Ne8 11. d4 Ne6 12. f4 exd4 13. Nxd4 Bf6 14. Rf2 Nxd4 15. Bxd4 Nc7 16. Rd2 Be7 17. c5 Ne6 18. cxd6 Qxd6 19. Be3 Qc7 20. Rc1 Bc5 21. Bxc5 Nxc5 22. Kh2 b6 23. e5 Ba6 24. Ne4 Nxe4 25. Bxe4 Rac8 26. Rd7 Qb8 27. Bxh7+ Kxh7 28. Qh5+ Kg8 29. e6 g6 30. Qh6 Rc7 31. exf7+ Rxf7 32. Qxg6+ Kh8 33. Qh5+ Kg8 34. Qxf7+ 1-0

[Event "December 5 Early 2023"]
[Site "https://www.chess.com"]
[Date "2023.12.05"]
[Round "10"]
[White "Aradhya, Garg"]
[Black "Silva Lucena, Cristian"]
[Result "1-0"]
[Board "61"]
[TimeControl "180+1"]
[WhiteFideId "25006746"]
[BlackFideId "2232588"]
[WhiteElo "2696"]
[BlackElo "2544"]
[WhiteTeam "IND"]
[BlackTeam "ESP"]
[WhiteClock "0:00:17"]
[BlackClock "0:00:04"]

1. d4 d5 2. c4 e6 3. Nf3 c6 4. Bg5 Be7 5. Bxe7 Qxe7 6. e3 Nf6 7. Nc3 Nbd7 8. Rc1 O-O 9. Qc2 dxc4 10. Bxc4 e5 11. O-O exd4 12. exd4 Nb6 13. Rfe1 Qd6 14. Bb3 Bg4 15. Ne5 Qxd4 16. Nxg4 Qxg4 17. Re7 Rab8 18. a4 Nc8 19. Re3 Nd6 20. Rd1 Nf5 21. Red3 Rbe8 22. h3 Qg5 23. Qd2 Qxd2 24. R3xd2 h5 25. Bc2 Ne7 26. f3 Ned5 27. Nxd5 Nxd5 28. Bb3 Ne3 29. Re1 Re7 30. Rd4 Rfe8 31. g4 hxg4 32. hxg4 g6 33. Rd2 Kg7 34. Rde2 Nd5 35. Rxe7 Rxe7 36. Rxe7 Nxe7 37. Kf2 Kf6 38. Ke3 Nd5+ 39. Kd4 Ke6 40. a5 Kd6 41. g5 Ke6 42. Ke4 Kd6 43. Kd4 b6 44. axb6 axb6 45. Bc4 b5 46. Bxd5 cxd5 47. b4 Ke6 48. Kc5 d4 49. Kxd4 Kd6 50. f4 Ke6 51. Kc5 Kf5 52. Kxb5 Kxf4 53. Kc6 Kxg5 54. b5 f5 55. b6 f4 56. b7 Kg4 57. b8=Q g5 58. Kd5 Kg3 59. Ke4 Kg2 60. Qb3 g4 61. Kxf4 1-0

[Event "December 5 Early 2023"]
[Site "https://www.chess.com"]
[Date "2023.12.05"]
[Round "10"]
[White "Khamdamova, Afruza"]
[Black "Pakleza, Zbigniew"]
[Result "1-0"]
[Board "62"]
[TimeControl "180+1"]
[WhiteFideId "14210444"]
[BlackFideId "1119290"]
[WhiteElo "2540"]
[BlackElo "2688"]
[WhiteTeam "UZB"]
[BlackTeam "POL"]
[WhiteClock "0:00:08"]
[BlackClock "0:00:02"]

1. e4 d6 2. d4 Nf6 3. Nc3 c6 4. Be3 Qb6 5. a3 Ng4 6. Bc1 e5 7. Nf3 Nd7 8. h3 Ngf6 9. Be3 Qc7 10. Qd2 Be7 11. Bc4 b5 12. Ba2 a5 13. b4 Bb7 14. O-O O-O 15. d5 cxd5 16. Nxd5 Bxd5 17. Bxd5 Nxd5 18. Qxd5 Nf6 19. Qxb5 Qxc2 20. bxa5 Qxe4 21. Nd2 Qd5 22. Qxd5 Nxd5 23. Bb6 Nxb6 24. axb6 Rfb8 25. Rfb1 Ra6 26. Nc4 f6 27. Rb5 Kf7 28. a4 Ke6 29. a5 d5 30. Ne3 d4 31. Nd5 Bd6 32. Rc1 h5 33. Nc7+ Bxc7 34. Rxc7 Kd6 35. Kf1 g5 36. Ke2 Rba8 37. Rcc5 Rb8 38. Kd3 g4 39. hxg4 hxg4 40. f3 gxf3 41. gxf3 Ke6 42. b7 Kf5 43. Rc8 Rxb7 44. Rxb7 Rxa5 45. Rb3 Ra1 46. Rh8 Re1 47. Kd2 Rg1 48. Rh4 Rg2+ 49. Kd3 Rg3 50. Ke2 Rg2+ 51. Kf1 Rc2 52. Re4 Ra2 53. Rb6 Ra3 54. Kg2 Ra2+ 55. Kg3 Ra1 56. Rd6 Rg1+ 57. Kf2 Ra1 58. Rg4 Ra2+ 59. Kg3 Ra3 60. Rh4 Kg5 61. Rh8 e4 62. Rg8+ Kf5 63. Rxd4 Rxf3+ 64. Kg2 Ke5 65. Rdd8 f5 66. Rge8+ Kf4 67. Rd5 Rg3+ 68. Kf2 Rh3 69. Rf8 Rh2+ 70. Kg1 Rh5 71. Kg2 Rg5+ 72. Kf2 Rh5 73. Ra5 Rh2+ 74. Kg1 Rh5 75. Rg8 Rh7 76. Kf2 Rh2+ 77. Rg2 Rh3 78. Ra4 Rb3 79. Kg1 Rb1+ 80. Kh2 Rb8 81. Rf2+ Kg4 82. Ra5 Rf8 83. Ra4 Kg5 84. Re2 Kf4 85. Kg2 Rg8+ 86. Kf1 Rh8 87. Rf2+ Kg4 88. Ra5 Rf8 89. Ke2 Kg5 90. Rg2+ Kf4 91. Rf2+ Kg4 92. Ke3 Rf7 93. Rg2+ Kh3 94. Rg6 Kh4 95. Ra8 Rh7 96. Rf8 Rh5 97. Rfg8 Kh3 98. Kf4 Kh2 99. R8g7 Rh4+ 100. Kxf5 e3 101. Re6 Rh3 102. Rge7 Rf3+ 103. Kg4 Rg3+ 104. Kf4 e2 105. Rxe2+ Rg2 106. Rh7+ Kg1 107. Rxg2+ Kf1 1-0

[Event "December 5 Early 2023"]
[Site "https://www.chess.com"]
[Date "2023.12.05"]
[Round "10"]
[White "Tasev, Dejan"]
[Black "Ozates, Tuna"]
[Result "0-1"]
[Board "63"]
[TimeControl "180+1"]
[WhiteFideId "936618"]
[BlackFideId "6354521"]
[WhiteElo "2660"]
[BlackElo "2545"]
[WhiteTeam "SRB"]
[BlackTeam "TUR"]
[WhiteClock "0:00:00"]
[BlackClock "0:00:17"]

1. e4 e5 2. Nf3 Nc6 3. Bc4 Bc5 4. b4 Bxb4 5. c3 Ba5 6. d4 d6 7. h3 Nf6 8. O-O O-O 9. Bd3 h6 10. Bb2 Bb6 11. Nbd2 Re8 12. Re1 a5 13. a4 Ne7 14. Nc4 Ng6 15. Nxb6 cxb6 16. Bf1 exd4 17. Qxd4 Be6 18. c4 Rc8 19. Ba3 Ne5 20. Nd2 Nc6 21. Qxd6 Qxd6 22. Bxd6 Red8 23. e5 Nd7 24. Rab1 Ndxe5 25. Bxe5 Nxe5 26. Rxe5 Rxd2 27. Reb5 Ra2 28. Rxb6 Rxa4 29. Rxb7 Ra2 30. Rb8 Rxb8 31. Rxb8+ Kh7 32. Ra8 Ra1 33. Kh2 Rxf1 34. Rxa5 Bxc4 35. Kg3 Be6 36. f3 Rc1 37. h4 g6 38. Ra7 Kg7 39. Ra5 Rd1 40. Ra3 Rd5 41. Re3 g5 42. hxg5 hxg5 43. Kf2 Rd6 44. Kg3 f5 45. f4 g4 46. Kh4 Kf6 47. Ra3 Rd7 48. Kg3 Rd6 49. Kh4 Rb6 50. Rc3 Rb4 51. Kg3 Rc4 52. Rd3 Ke7 53. Re3 Kd6 54. Rd3+ Kc5 55. Re3 Kd5 56. Re5+ Kd6 57. Re3 Bd5 58. Re2 Be4 59. Kh4 Rc2 60. Re3 Rxg2 61. Kg5 Rf2 62. Ra3 Rf3 63. Ra6+ Kd5 64. Kh4 Rxf4 65. Ra5+ Kd4 66. Ra3 Rf3 67. Ra4+ Ke3 68. Kg5 g3 69. Ra3+ Bd3 70. Ra2 Rf2 0-1

[Event "December 5 Early 2023"]
[Site "https://www.chess.com"]
[Date "2023.12.05"]
[Round "10"]
[White "Tao, Sihan"]
[Black "Antunez Soler, Luis"]
[Result "1/2-1/2"]
[Board "64"]
[TimeControl "180+1"]
[WhiteFideId "30982677"]
[BlackFideId "3513335"]
[WhiteElo "2536"]
[BlackElo "2647"]
[WhiteTeam "USA"]
[BlackTeam "CUB"]
[WhiteClock "0:02:07"]
[BlackClock "0:02:18"]

1. e4 e6 2. d4 d5 3. Nd2 Be7 4. Ngf3 Nf6 5. Bd3 c5 6. c3 cxd4 7. Nxd4 Nc6 8. Nxc6 bxc6 9. O-O O-O 10. Qe2 a5 11. c4 Ba6 12. cxd5 Bxd3 13. Qxd3 cxd5 14. exd5 Qxd5 15. Qxd5 Nxd5 1/2-1/2

[Event "December 5 Early 2023"]
[Site "https://www.chess.com"]
[Date "2023.12.05"]
[Round "10"]
[White "Spata, German"]
[Black "Lund, Gunnar"]
[Result "1-0"]
[Board "65"]
[TimeControl "180+1"]
[WhiteFideId "113026"]
[BlackFideId "1520814"]
[WhiteElo "2642"]
[BlackElo "2587"]
[WhiteTeam "ARG"]
[BlackTeam "NOR"]
[WhiteClock "0:00:39"]
[BlackClock "0:00:22"]

1. Nf3 d6 2. d4 Nf6 3. e3 Nbd7 4. Be2 e5 5. O-O Be7 6. c4 O-O 7. Nc3 c6 8. b4 Re8 9. b5 Bf8 10. a4 e4 11. Nd2 d5 12. a5 Bb4 13. Qb3 Bxa5 14. bxc6 bxc6 15. cxd5 Rb8 16. Qc2 cxd5 17. Nb3 Bb6 18. Nb5 Nf8 19. Nxa7 Bg4 20. Bxg4 Nxg4 21. h3 Rc8 22. Nxc8 Nf6 23. Nxb6 Qxb6 24. Nc5 Ne6 25. Nxe6 fxe6 26. Ba3 g5 27. Qc5 Qb8 28. Qd6 Qb3 29. Qe5 Kf7 30. Qxg5 Rg8 31. Qf4 Qc3 32. Bd6 Kg6 33. Be5 Rf8 34. Bxf6 Rxf6 35. Qg4+ Kh6 36. Ra7 e5 37. Qg7+ Kh5 38. Qxf6 exd4 39. Rxh7# 1-0

[Event "December 5 Early 2023"]
[Site "https://www.chess.com"]
[Date "2023.12.05"]
[Round "10"]
[White "Yashmetov, Mikhail"]
[Black "Gubajdullin, Alexei"]
[Result "1-0"]
[Board "66"]
[TimeControl "180+1"]
[WhiteFideId "24198900"]
[BlackFideId "4141202"]
[WhiteElo "2529"]
[BlackElo "2625"]
[WhiteTeam "RUS"]
[BlackTeam "RUS"]
[WhiteClock "0:01:01"]
[BlackClock "0:00:12"]

1. f4 d5 2. Nf3 g6 3. g3 Bg7 4. Bg2 Nh6 5. O-O O-O 6. d3 c5 7. e4 dxe4 8. dxe4 Qxd1 9. Rxd1 Nc6 10. c3 Bg4 11. Be3 Rfd8 12. Na3 b6 13. e5 Nf5 14. Bf2 Rxd1+ 15. Rxd1 Rd8 16. Rxd8+ Nxd8 17. h3 Bxf3 18. Bxf3 g5 19. Be4 e6 20. Kg2 gxf4 21. gxf4 Bh6 22. Kf3 Ne7 23. Nb5 Ndc6 24. h4 Nd5 25. h5 a6 26. Bxd5 exd5 27. Nc7 d4 28. Ke4 dxc3 29. bxc3 a5 30. Nd5 b5 31. Bxc5 Kg7 32. Ne7 Nxe7 33. Bxe7 Kg8 34. Kf5 Bg7 35. Kg5 h6+ 36. Kf5 Kh7 37. Ke4 Kg8 38. f5 Bh8 39. f6 a4 40. a3 Kh7 41. Kd5 Kg8 42. Kc6 b4 43. cxb4 Kh7 44. b5 Kg8 45. b6 Kh7 46. b7 Bg7 47. Kb5 Bh8 48. Kxa4 Bg7 49. Kb5 Bh8 50. Kc6 Bg7 51. Kd7 Bh8 52. Ke8 Bg7 53. a4 Bh8 54. a5 Bg7 55. a6 Bh8 56. a7 Bg7 57. a8=Q Bh8 58. b8=Q Bg7 59. Kxf7 Bxf6 60. Qh8+ Bxh8 61. Qxh8+ Kxh8 62. Kg6 Kg8 63. Bd6 Kh8 64. e6 Kg8 65. e7 1-0

[Event "December 5 Early 2023"]
[Site "https://www.chess.com"]
[Date "2023.12.05"]
[Round "10"]
[White "Narva, Mai"]
[Black "Masague Artero, Guerau"]
[Result "1-0"]
[Board "67"]
[TimeControl "180+1"]
[WhiteFideId "4500512"]
[BlackFideId "32098952"]
[WhiteElo "2616"]
[BlackElo "2526"]
[WhiteTeam "EST"]
[BlackTeam "ESP"]
[WhiteClock "0:00:07"]
[BlackClock "0:00:02"]

1. e4 g6 2. d4 Nf6 3. e5 Nh5 4. Nc3 d6 5. f4 Ng7 6. Nf3 Bg4 7. Bc4 e6 8. d5 dxe5 9. fxe5 Bb4 10. O-O Bxc3 11. bxc3 O-O 12. h3 Bxf3 13. Qxf3 Nd7 14. Qg3 Nb6 15. Bg5 Qe8 16. Bd3 exd5 17. Bf6 Qe6 18. Qg5 Nd7 19. Qh6 Nxf6 20. exf6 Ne8 21. Qg5 Kh8 22. Rae1 Qb6+ 23. Kh1 Rd8 24. Re7 Nd6 25. Qh6 Rg8 26. Rf4 Nf5 27. Bxf5 Qxf6 28. Qh4 Qxh4 29. Rxh4 gxf5 30. Rxf7 Rg6 31. Rhxh7+ Kg8 32. Rxc7 d4 33. cxd4 Rxd4 34. Rhe7 Rd1+ 35. Kh2 Rf6 36. Rg7+ Kh8 37. Rge7 f4 38. Re8+ 1-0

[Event "December 5 Early 2023"]
[Site "https://www.chess.com"]
[Date "2023.12.05"]
[Round "10"]
[White "Golubev, Mikhail"]
[Black "Gutierrez Olivares, Daniel"]
[Result "1-0"]
[Board "68"]
[TimeControl "180+1"]
[WhiteFideId "14100983"]
[BlackFideId "2264005"]
[WhiteElo "2614"]
[BlackElo "2521"]
[WhiteTeam "UKR"]
[BlackTeam "ESP"]
[WhiteClock "0:00:17"]
[BlackClock "0:00:00"]

1. e4 e6 2. d4 d5 3. Bd3 Nc6 4. exd5 exd5 5. c3 Bd6 6. Qf3 Nge7 7. Ne2 Be6 8. Bf4 Ng6 9. Bxd6 Qxd6 10. h4 O-O-O 11. h5 Nge7 12. Na3 Bf5 13. Bxf5+ Kb8 14. Bd3 f5 15. Nc2 g5 16. hxg6 hxg6 17. O-O-O Nc8 18. Qg3 Qf6 19. f3 g5 20. f4 g4 21. Rxh8 Rxh8 22. Ne3 N6e7 23. Qf2 Rh2 24. Ng3 Nd6 25. Rh1 Rxh1+ 26. Nxh1 a5 27. Ng3 a4 28. a3 Qe6 29. Nef1 Ne4 30. Bxe4 dxe4 31. Ne3 c6 32. Kb1 Qb3 33. Qf1 Qe6 34. Qc4 Qd6 35. Ne2 Qh6 36. Qc5 Qf6 37. Qe5+ Qxe5 38. dxe5 Kc7 39. Ng3 Ng6 40. Nexf5 Nxf4 41. Nxe4 Nxg2 42. e6 Nf4 43. e7 1-0

[Event "December 5 Early 2023"]
[Site "https://www.chess.com"]
[Date "2023.12.05"]
[Round "10"]
[White "Kopczynski, Michal"]
[Black "Olenik Campa, Rudi"]
[Result "1-0"]
[Board "69"]
[TimeControl "180+1"]
[WhiteFideId "1124200"]
[BlackFideId "14633264"]
[WhiteElo "2510"]
[BlackElo "2610"]
[WhiteTeam "POL"]
[BlackTeam "SLO"]
[WhiteClock "0:00:13"]
[BlackClock "0:00:33"]

1. e4 c5 2. d4 cxd4 3. c3 Nf6 4. Bd3 Nc6 5. f4 e5 6. Nf3 d6 7. cxd4 Be7 8. d5 Nd4 9. Nxd4 exd4 10. Qa4+ Nd7 11. Qxd4 Bf6 12. Qf2 O-O 13. O-O Nc5 14. Bc2 Re8 15. e5 Be7 16. b4 Na6 17. b5 Nc7 18. e6 fxe6 19. dxe6 Bxe6 20. Bb2 Bf6 21. Bxf6 Qxf6 22. Nd2 d5 23. b6 axb6 24. Qxb6 Rac8 25. f5 Bf7 26. Qxf6 gxf6 27. Rfe1 Na6 28. Ba4 Re5 29. Nf3 Rxf5 30. Bd7 Rxf3 31. Bxc8 Ra3 32. Bxb7 Nb4 33. Red1 Kg7 34. Rab1 Nxa2 35. Ra1 Ra5 36. Rd2 Rb5 37. Ba6 Rb6 38. Raxa2 d4 39. Ra4 Rb1+ 40. Kf2 Rh1 41. h3 Rc1 42. Rdxd4 Rc2+ 43. Kg3 Bg6 44. Ra3 h5 45. Bd3 Rd2 46. Rd7+ Kh6 47. Bf5 Rb2 48. Bxg6 Kxg6 49. Rd4 Rc2 50. Kh2 Re2 51. Rad3 Rc2 52. Rd2 Rc3 53. Rd6 Rc5 54. Rf2 1-0

[Event "December 5 Early 2023"]
[Site "https://www.chess.com"]
[Date "2023.12.05"]
[Round "10"]
[White "Aswath, S"]
[Black "Buksa, Nataliya"]
[Result "1-0"]
[Board "70"]
[TimeControl "180+1"]
[WhiteFideId "46694919"]
[BlackFideId "14123622"]
[WhiteElo "2605"]
[BlackElo "2509"]
[WhiteTeam "IND"]
[BlackTeam "UKR"]
[WhiteClock "0:00:12"]
[BlackClock "0:00:08"]

1. c4 e6 2. g3 d5 3. Bg2 Nf6 4. Nf3 Be7 5. O-O O-O 6. b3 b6 7. Bb2 Bb7 8. d3 Nbd7 9. Nbd2 dxc4 10. bxc4 c5 11. a4 Qc7 12. Bc3 Rad8 13. a5 Bd6 14. Qc2 Rfe8 15. Rfb1 e5 16. Ng5 Bxg2 17. Kxg2 Qc6+ 18. Kg1 Bc7 19. Qa4 Qxa4 20. Rxa4 h6 21. Nge4 Nxe4 22. dxe4 bxa5 23. f3 Rb8 24. Rxb8 Rxb8 25. Bxa5 Bxa5 26. Rxa5 Rb2 27. Nf1 Rxe2 28. Rxa7 Nb6 29. Rc7 Nxc4 30. Rxc5 Rc2 31. h4 h5 32. Rc7 f6 33. g4 hxg4 34. fxg4 Kh7 35. Ng3 Rc1+ 36. Kh2 Rc2+ 37. Kg1 Ne3 38. Rxc2 Nxc2 39. Kf2 Nd4 40. Ke3 Kg6 41. Ne2 Ne6 42. Kf3 Kh6 43. Ke3 Nc5 44. Ng3 Ne6 45. Nf5+ Kh7 46. Kd3 Nf4+ 47. Kc4 g6 48. Ne3 Nh3 49. Kd5 Kg7 50. Nc4 Nf2 51. g5 Ng4 52. Ke6 fxg5 53. hxg5 Nf2 54. Kxe5 Kf7 55. Nd6+ Ke7 56. Nc4 Nd3+ 57. Kd5 Nf4+ 58. Ke5 Nd3+ 59. Kd4 Nf4 60. Ne5 Ke6 61. Nf3 Ne2+ 62. Ke3 Nc3 63. Kf4 Nb5 64. e5 Kd5 65. Nh4 Nd4 66. Nxg6 Ke6 67. Ke4 Nb3 68. Nf4+ Ke7 69. Kf5 Nd4+ 70. Ke4 Nb3 71. g6 Nc5+ 72. Kd5 Nd7 73. g7 Nb6+ 74. Kc6 Kf7 75. Kxb6 Kxg7 76. Kc7 Kf7 77. Kd7 Kf8 78. e6 Kg7 79. e7 Kh7 80. e8=Q Kh6 81. Qg6# 1-0

[Event "December 5 Early 2023"]
[Site "https://www.chess.com"]
[Date "2023.12.05"]
[Round "10"]
[White "Espinoza Villanueva, Rodrigo"]
[Black "Budrewicz, Krzysztof"]
[Result "0-1"]
[Board "71"]
[TimeControl "180+1"]
[WhiteFideId "5140188"]
[BlackFideId "1127950"]
[WhiteElo "2602"]
[BlackElo "2509"]
[WhiteTeam "MEX"]
[BlackTeam "POL"]
[WhiteClock "0:00:00"]
[BlackClock "0:00:06"]

1. d4 c5 2. c4 cxd4 3. Nf3 e5 4. a3 d6 5. b4 a5 6. Bb2 axb4 7. axb4 Rxa1 8. Bxa1 Nf6 9. e3 dxe3 10. fxe3 Qb6 11. Qd2 Ne4 12. Qd3 Qxb4+ 13. Bc3 Nxc3 14. Nxc3 Nc6 15. Be2 Bf5 16. Qxf5 Qxc3+ 17. Kf2 Be7 18. Rb1 Nd8 19. Rb5 O-O 20. Qd7 Bf6 21. Qxd6 h6 22. h3 Re8 23. Qd7 Re6 24. g3 g6 25. h4 Kg7 26. e4 h5 27. Qd5 Qa1 28. c5 Qc3 29. Nd2 Qd4+ 30. Qxd4 exd4 31. Bc4 Re7 32. Ke2 Be5 33. Kf3 Nc6 34. Bd5 Kh6 35. Nc4 Bg7 36. Nb2 d3 37. Ke3 Be5 38. Nxd3 Bxg3 39. Rb6 Rc7 40. Bxc6 bxc6 41. Nb4 Bxh4 42. Rxc6 Ra7 43. Ra6 Bg5+ 44. Kd4 Rd7+ 45. Kc4 Rd1 46. c6 Rc1+ 47. Kb5 Bf4 48. Ra7 h4 49. Rxf7 Bg3 50. Rf8 Kg7 51. Rf3 g5 52. Nd5 g4 53. Rf5 h3 54. Rg5+ Kh6 55. Rxg4 h2 56. Rxg3 h1=Q 57. Rc3 Rb1+ 0-1

[Event "December 5 Early 2023"]
[Site "https://www.chess.com"]
[Date "2023.12.05"]
[Round "10"]
[White "Grochal, Joey"]
[Black "Janaszak, Dawid"]
[Result "1/2-1/2"]
[Board "72"]
[TimeControl "180+1"]
[WhiteFideId "1019945"]
[BlackFideId "1119206"]
[WhiteElo "2504"]
[BlackElo "2600"]
[WhiteTeam "NED"]
[BlackTeam "POL"]
[WhiteClock "0:00:06"]
[BlackClock "0:00:06"]

1. e4 c5 2. Nf3 b6 3. d4 cxd4 4. Nxd4 Bb7 5. Nc3 Nf6 6. e5 Ne4 7. Nxe4 Bxe4 8. Qg4 Bb7 9. Bg5 Nc6 10. Nxc6 Bxc6 11. Bc4 Qc7 12. O-O-O e6 13. Rhe1 Rc8 14. Bd3 Bb5 15. Re2 Bxd3 16. Rxd3 Qc4 17. Qf3 Bc5 18. Kb1 Qa4 19. Red2 O-O 20. Qh5 Qe4 21. Bf6 Qg6 22. Rg3 gxf6 23. exf6 Rfe8 24. Rxg6+ hxg6 25. Qe2 d5 26. c4 d4 27. f4 Rc6 28. g3 e5 29. f5 Rxf6 30. fxg6 Rxg6 31. Qe4 Kg7 32. Rf2 Rf6 33. Rxf6 Kxf6 34. h4 Ke6 35. g4 Rd8 36. a3 d3 37. Kc1 d2+ 38. Kd1 Rd4 39. Qf5+ Kd6 40. Qf6+ Kc7 41. Qxe5+ Kb7 42. h5 Ka6 43. h6 Rxg4 44. Kxd2 Rh4 45. Qf6 Rh2+ 46. Kd3 Rh3+ 47. Ke4 Re3+ 48. Kd5 Re6 49. Qxf7 Rxh6 50. Qe8 Rd6+ 51. Ke4 Kb7 52. b4 Rd4+ 53. Kf3 Rd3+ 54. Kg4 Rd4+ 55. Kf5 Bd6 56. Qd7+ Kb8 57. Qd8+ Kb7 58. Qd7+ Kb8 59. Qc6 Bc7 60. c5 bxc5 61. bxc5 Rd8 62. a4 a5 63. Qb5+ Ka7 64. c6 Rb8 65. Qc5+ Rb6 66. Qd5 Ka6 67. Ke6 Rb4 68. Kd7 Bb6 69. Qg8 Rxa4 70. Qa8+ Kb5 71. Qb7 Rd4+ 72. Ke6 Rc4 73. Kd7 Rd4+ 74. Ke6 Rc4 75. Kd7 Rd4+ 1/2-1/2